 Dungeon Crawl Stone Soup version 0.19-a0-1937-g70ed36a (webtiles) character file.

20 varam the Conjurer (level 2, -4/15 HPs)
             Began as a Deep Elf Conjurer on Oct 26, 2016.
             Slain by Ijyb
             ... wielding a +0 dagger
              (5 damage)
             ... on level 2 of the Dungeon.
             The game lasted 00:01:49 (1243 turns).

varam the Conjurer (Deep Elf Conjurer)              Turns: 1243, Time: 00:01:49

Health: -4/15      AC:  2    Str:  5    XL:     2   Next: 58%
Magic:  0/2        EV: 13    Int: 19    God:
Gold:   50         SH:  0    Dex: 15    Spells: 2 memorised, 4 levels left

rFire  . . .     SeeInvis .     e - +2 dagger (antimagic)
rCold  . . .     Gourm    .     a - +0 robe
rNeg   . . .     Faith    .     (no shield)
rPois  .         Spirit   .     (no helmet)
rElec  .         Reflect  .     (no cloak)
rCorr  .         Harm     .     (no gloves)
MR     .....                    (no boots)
Stlth  ++........               (no amulet)
                                (no ring)
                                (no ring)

@: no status effects
A: no striking features
a: no special abilities


You were on level 2 of the Dungeon.
You were not hungry.

You visited 1 branch of the dungeon, and saw 3 of its levels.

You collected 50 gold pieces.

Inventory:

Hand Weapons
 e - a +2 antimagic dagger (weapon)
 n - a +0 dagger of electrocution
Armour
 a - a +0 robe (worn)
Scrolls
 d - a scroll of identify {unknown}
 i - a scroll of blinking {unknown}
 k - a scroll of enchant armour {unknown}
 m - a scroll of teleportation {unknown}
Potions
 g - 2 potions of cancellation {unknown}
 l - a potion of mutation {unknown}
Books
 b - a book of Conjurations

   Spells                             Type                      Level
   a - Magic Dart                     Conjuration                  1
   b - Searing Ray                    Conjuration                  2
   c - Dazzling Spray                 Conjuration/Hexes            3
   d - Fulminant Prism                Conjuration/Hexes            4
   e - Iskenderun's Mystic Blast      Conjuration                  4
   f - Iskenderun's Battlesphere      Conjuration/Charms           5
Comestibles
 c - 4 bread rations
 f - 2 meat rations
 h - 2 chunks of flesh
 j - a royal jelly


   Skills:
 - Level 2.4 Dodging
 - Level 2.4 Stealth
 - Level 3.0 Spellcasting
 + Level 5.2 Conjurations


You had 4 spell levels left.
You knew the following spells:

 Your Spells              Type           Power        Failure   Level  Hunger
a - Magic Dart            Conj           ###.         1%          1    None
b - Searing Ray           Conj           ###...       2%          2    ##.....


Dungeon Overview and Level Annotations

Branches:
Dungeon (3/15)

Altars:

Annotations:
D:2 Ijyb


Message History

You closely miss Ijyb.
Ijyb is almost dead.
Ijyb hits you with a dagger.
* * * LOW HITPOINT WARNING * * *
Casting: Searing Ray
Confirm with . or Enter, or press ? or * to list all spells.
You don't know that spell.
Casting: Searing Ray
Confirm with . or Enter, or press ? or * to list all spells.
Aiming: Searing Ray
Press: ? - help, Shift-Dir - straight line, f - Ijyb
Aim: Ijyb, wielding a dagger and wearing a leather armour (almost dead)
The searing ray hits Ijyb.
Ijyb is almost dead.
Ijyb closely misses you.
Without enough magic to sustain it, your searing ray dissipates.
Ijyb closely misses you. Ijyb misses you. Ijyb hits you with a dagger.
You die...

#.######
#(######
#.#.....
######'#.....
........)..(..
####
######........
... ..#
#........ ...#
###.#
#........ ...
..#@#
#........ ..#
#.#g#
#####........
#+# #.# #.#.#
#............
.. #.####.#.#
#............
#.##.#....#.#
#..^.......##
#..#........#
#..........#
#.#.#.######
#......[...#
#(..#...
#..#########
####..#.#.#
#...#


You could see Ijyb.

Vanquished Creatures
  A dart slug (D:1)
  4 bats
  A giant cockroach (D:1)
  3 goblins
  2 hobgoblins
  2 kobolds (D:2)
  A quokka (D:2)
  3 rats
17 creatures vanquished.

Notes
Turn   | Place    | Note
-------+----------+-------------------------------------------
     0 | D:1      | varam the Deep Elf Conjurer began the quest for the Orb.
     0 | D:1      | Reached XP level 1. HP: 10/10 MP: 6/6
   632 | D:1      | Reached XP level 2. HP: 15/15 MP: 0/8
   659 | D:1      | Reached skill level 5 in Conjurations
   824 | D:2      | Learned a level 2 spell: Searing Ray
  1207 | D:3      | Noticed Ijyb
  1243 | D:2      | Slain by Ijyb

Vault maps used:
D:1:      dpeg_arrival_snail, columned_hall_lemuel
D:2:      serial_curves, eino_curves_03, eino_curves_04, eino_curves_02,
          first_bread
D:3:      marbit_many_paths, uniq_jessica, uniq_iyjb, uniq_terence

Skill      XL: |  1  2 |
---------------+-------+-----
Conjurations   | 5 |  5.2
Dodging        | |  2.4
Stealth        | |  2.4
Spellcasting   | |  3.0

Action                   || total
-------------------------++-------
Melee: Dagger            ||    10
 Cast: Magic Dart        ||    33
       Searing Ray       ||     2
  Eat: Chunk             ||     1
Armor: Robe              ||     2
Dodge: Dodged            ||     6
